 Dungeon Crawl Stone Soup version 0.28.0 (webtiles) character file.

Game seed: 13021388483871607083

312 SnakkuSnakku7 the Magician (level 6, 0/43 HPs)
             Began as a Djinni Gladiator on Feb 10, 2022.
             Shot with a bolt by a kobold (9 damage)
             ... on level 4 of the Dungeon.
             The game lasted 00:04:19 (2208 turns).

SnakkuSnakku7 the Magician (Djinni Gladiator)       Turns: 2208, Time: 00:04:20

Health: 0/43       AC:  5    Str: 13    XL:     6   Next: 70%
Gold:   179        EV: 16    Int: 12    God:
                   SH:  0    Dex: 14

rFire   + + .      SeeInvis .   a - +2 dagger (venom)
rCold   . . .      Faith    .   (no shield)
rNeg    . . .      Spirit   .   b - +0 leather armour
rPois   ∞          Reflect  .   c - +0 helmet
rElec   .          Harm     .   (no cloak)
rCorr   .          Rampage  .   x - +0 pair of gloves
Will    .....                   (boots unavailable)
Stlth   +.........              (no amulet)
HPRegen 0.14/turn               j - +4 ring of evasion
MPRegen 0.00/turn               o - ring of protection from cold

@: flying
A: sickness immunity, fire resistance 2, cold vulnerability 1, float, innate
caster, HP casting, extra vitality 1
a: no special abilities


You were on level 4 of the Dungeon.
You visited 1 branch of the dungeon, and saw 4 of its levels.

You collected 179 gold pieces.

Inventory:

Hand Weapons
 a - a +2 dagger of venom (weapon)
 p - a +0 quarterstaff
Missiles
 d - 3 throwing nets
Armour
 b - a +0 leather armour (worn)
 c - a +0 helmet (worn)
 x - a +0 pair of gloves (worn)
Jewellery
 j - a +4 ring of evasion (left hand)
 o - a ring of protection from cold (right hand)
 t - the ring "Meem" {rF+ Dex+2}
   (You found it on level 3 of the Dungeon)

   [ring of protection from fire]

   Dex:       It affects your dexterity (+2).
   rF:        It protects you from fire.
Scrolls
 g - a scroll of identify {unknown}
 i - a scroll of vulnerability {unknown}
 k - 2 scrolls of immolation {unknown}
 m - a scroll of torment {unknown}
 n - a scroll of fear {unknown}
 r - a scroll of blinking {unknown}
 s - 2 scrolls of teleportation {unknown}
 v - a scroll of magic mapping {unknown}
Potions
 e - a potion of heal wounds {unknown}
 f - a potion of curing {unknown}
 h - 2 potions of degeneration {unknown}
 l - a potion of resistance {unknown}
 q - a potion of cancellation {unknown}
 u - 2 potions of mutation {unknown}
 w - a potion of invisibility {unknown}


   Skills:
 - Level 2.0 Fighting
 - Level 2.6 Staves
 - Level 1.5 Throwing
 - Level 3.2 Dodging
 + Level 4.6 Spellcasting


You had 11 spell levels left.
You knew the following spells:

 Your Spells              Type           Power      Damage    Failure   Level
a - Freeze                Ice            56%        1d7       3%          1
b - Corpse Rot            Necr/Air       28%        N/A       6%          2
Your spell library was empty.

Dungeon Overview and Level Annotations

Branches:
Dungeon (4/15)             Temple (0/1) D:4

Altars:

Shops:
D:4 (


Innate Abilities, Weirdness & Mutations

You are immune to sickness and miasma.
You are immune to poison.
Your flesh is very heat resistant. (rF++)
You are vulnerable to cold. (rC-)
You float through the air rather than walking.
You learn spells naturally, not from books.
Your magical power is your life essence.
You have superior vitality. (+4 MHP)


Message History

The kobold brigand looks as sick as possible!
The kobold brigand is moderately wounded.
The kobold brigand misses you.
You hit the kobold brigand.
The kobold brigand looks as sick as possible!
The kobold brigand is heavily wounded.
The kobold brigand hits you with a +0 dagger.
* * * LOW HITPOINT WARNING * * *
The kobold brigand throws a poisoned dart.
The poisoned dart hits you!
You kill the kobold brigand!
Things that are here:
a +0 mace; a +0 leather armour
Casting: Corpse Rot (safe; 6% risk of failure)
Confirm with . or Enter, or press ? or * to list all spells.
Aiming: Freeze (safe; 4% risk of failure)
Press: ? - help, Shift-Dir - straight line, f - kobold
Aim: a kobold, wielding a +0 club You freeze the kobold.
You kill the kobold!
* * * LOW HITPOINT WARNING * * *
The kobold throws a stone.
The stone barely misses you.
The kobold throws a stone.
The stone barely misses you.
Unknown command.
The kobold closely misses you.
Things that are here:
a +0 club; a +0 mace; a +0 leather armour You hit the kobold.
You kill the kobold!
You barely miss the kobold.
Unknown command.
You hit the kobold.
The kobold is poisoned.
The kobold is moderately wounded.
You kill the kobold!
You hit the kobold.
The kobold is poisoned.
The kobold is moderately wounded.
The kobold hits you but does no damage.
The kobold unwields a +0 short sword.
The kobold wields a +0 hand crossbow.
The kobold shoots a bolt.
The bolt hits you!
You die...

.....K.)KK.####....###
.....♣.♣KK..###.......
... ♣.#.♣K♣.P#.#.....
. ♣P##PPK.♣#...)... ♣#
##♣P....######
######.....#####
#....###..K.....
###K##.)K##.......
##@)K####.KK.#..... ♣
#.K### ######..... #.
##.## #..... P♣ #..#
#..... P♣#.## #.....
#P#.# #(.... #.#.#
#..... #...# #.....
##### ######


You could see 3 kobolds.

Vanquished Creatures
  A kobold brigand (D:4)
  A scorpion (D:2)
  An orc wizard (D:4)
  2 gnolls (D:4)
  5 adders
  An adder skeleton (D:4)
  2 worms
  2 dart slugs
  3 orcs (D:4)
  4 endoplasms
  2 giant cockroaches
  8 goblins
  7 hobgoblins
  2 jackals (D:3)
  22 kobolds
  4 quokkas
  4 ball pythons
  4 bats
  2 frilled lizards
  3 rats
80 creatures vanquished.

Vanquished Creatures (others)
  17 plants
17 creatures vanquished.

Grand Total: 97 creatures vanquished

Notes
Turn   | Place    | Note
-------+----------+-------------------------------------------
     0 | D:1      | SnakkuSnakku7 the Djinni Gladiator began the quest for the
                  | Orb.
     0 | D:1      | Reached XP level 1. HP: 18/18 MP: 0/0
    11 | D:1      | Found a faded altar of an unknown god.
    93 | D:1      | Reached skill level 1 in Spellcasting
    93 | D:1      | Reached XP level 2. HP: 18/23 MP: 0/0
   358 | D:1      | Reached XP level 3. HP: 28/28 MP: 0/0
   358 | D:1      | Learned a level 1 spell: Freeze
   518 | D:2      | Reached skill level 2 in Spellcasting
   785 | D:2      | Reached XP level 4. HP: 19/33 MP: 0/0
  1085 | D:3      | Noticed a scorpion
  1100 | D:2      | Killed a scorpion
  1101 | D:2      | Reached skill level 3 in Spellcasting
  1101 | D:2      | Reached XP level 5. HP: 23/38 MP: 0/0
  1101 | D:2      | Learned a level 2 spell: Corpse Rot
  1345 | D:3      | Identified the ring "Meem" {rF+ Dex+2}
  1732 | D:4      | Reached skill level 4 in Spellcasting
  1732 | D:4      | Reached XP level 6. HP: 37/43 MP: 0/0
  1762 | D:4      | Found Vegexed's Weapon Shop.
  1811 | D:4      | Found a staircase to the Ecumenical Temple.
  2208 | D:4      | Shot with a bolt by a kobold

Illustrated notes

Levels and vault maps discovered:
D:1:      scummos_arrival_hexagon, layout_rooms, shapermc_ecumenical_altar_gd
D:2:      layout_loops_ring
D:3:      layout_rooms, serial_bayou_ford_a, serial_bayou_lagoon_a
D:4:      kennysheep_kobold_camp, layout_basic, overflow_temple_1_default,
          minmay_temple_entry_wispy, serial_shops,
          nicolae_shop_bloodbath_and_beyond, kennysheep_mini, shop_statue, shop

Skill      XL: |  1  2  3  4  5 |
---------------+----------------+-----
Spellcasting   | 1 2 3 4 |  4.6
Fighting       | |  2.0
Staves         | |  2.6
Throwing       | |  1.5
Dodging        | |  3.2

Action                   |  1- 3 |  4- 6 || total
-------------------------+-------+-------++-------
Melee: Quarterstaff      |    69 |    11 ||    80
       Dagger            |       |   145 ||   145
 Cast: Freeze            |     7 |     1 ||     8
       Corpse Rot        |       |     1 ||     1
 Stab: Sleeping          |     2 |       ||     2
Armor: Leather armour    |    20 |    41 ||    61
Dodge: Dodged            |    64 |   139 ||   203
